 Dungeon Crawl Stone Soup version 0.30-a0-414-gcb316572d5 (webtiles) character file.

Game seed: 18153171085683301067

11599 rocky1 the Basher (level 11, 0/97 HPs)
             Began as a Minotaur Fighter on Dec 7, 2022.
             Was a High Priest of Okawaru.
             Slain by an orc warlord
             ... wielding a +1 long sword
              (21 damage)
             ... on level 2 of the Orcish Mines.
             The game lasted 00:25:29 (10254 turns).

rocky1 the Basher (Minotaur Fighter)               Turns: 10254, Time: 00:25:30

Health: 0/97       AC: 17    Str: 23    XL:     11   Next: 51%
Magic:  9/10       EV: 15    Int:  9    God:    Okawaru [*****.]
Gold:   795        SH: 16    Dex: 12    Spells: 10/10 levels left

rFire   . . .      SeeInvis .    a - +2 flail (protect)
rCold   + . .      Faith    .    V - +0 kite shield
rNeg    . . .      Spirit   .    T - +2 ring mail of Impatience {Will++}
rPois   +          Reflect  +    J - +1 hat "Dalixag" {rC+ Int+4}
rElec   .          Harm     .    (no cloak)
rCorr   .          Rampage  .    (no gloves)
Will    ++...                    (no boots)
Stlth   +.........               D - amulet of reflection
HPRegen 0.36/turn                v - +4 ring of evasion
MPRegen 0.12/turn                c - ring of poison resistance

@: mighty, under a protective aura, hasted, very quick
A: horns 2, retaliatory headbutt
a: Renounce Religion, Heroism, Finesse, Duel


You were on level 2 of the Orcish Mines.
You worshipped Okawaru.
Okawaru was extremely pleased with you.
You visited 3 branches of the dungeon, and saw 12 of its levels.
You also visited: Sewer and Bailey.

You collected 795 gold pieces.

Inventory:

Hand Weapons
 a - a +2 flail of protection (weapon)
 j - a +2 mace of protection
 t - a +1 mace of holy wrath
 P - a +4 vorpal hand axe
 S - a +0 broad axe
Missiles
 e - 40 poisoned darts (quivered)
 W - 2 curare-tipped darts
Armour
 J - the +1 hat "Dalixag" (worn) {rC+ Int+4}
   (Okawaru gifted it to you on level 7 of the Dungeon)

   Int:       It affects your intelligence (+4).
   rC:        It protects you from cold.
 T - the +2 ring mail of Impatience (worn) {Will++}
   (You found it on level 9 of the Dungeon)

   Will:      It greatly increases your willpower.
 V - a +0 kite shield (worn)
 Y - a +2 chain mail of cold resistance
Jewellery
 c - a ring of poison resistance (right hand)
 v - a +4 ring of evasion (left hand)
 B - a ring of resist corrosion
 D - an amulet of reflection (around neck)
 G - an amulet of the acrobat
 H - a ring of wizardry
 L - a +6 ring of dexterity
Wands
 b - a wand of flame (12)
 q - a wand of iceblast (12)
 C - a wand of digging (8)
 F - a wand of paralysis (8)
 K - a wand of light (7)
 M - a wand of mindburst (21)
 O - a wand of polymorph (1)
Scrolls
 i - 4 scrolls of blinking
 k - 7 scrolls of teleportation
 n - 2 scrolls of amnesia {unknown}
 p - 2 scrolls of fear {unknown}
 u - 2 scrolls of magic mapping
 x - 3 scrolls of enchant armour
 y - a scroll of silence
 E - a scroll of torment {unknown}
 I - 2 scrolls of immolation
 N - a scroll of enchant weapon {unknown}
 Q - a scroll of fog
 Z - 3 scrolls of poison {unknown}
Potions
 d - 2 potions of might
 f - a potion of invisibility
 g - 4 potions of haste
 h - 4 potions of lignification
 l - 4 potions of brilliance
 m - 2 potions of attraction
 o - a potion of degeneration {unknown}
 r - 3 potions of curing
 s - a potion of cancellation {unknown}
 w - a potion of berserk rage {unknown}
 z - 2 potions of ambrosia
 A - 4 potions of flight
 R - a potion of experience {unknown}
 X - a potion of mutation {unknown}


   Skills:
 + Level 9.5 Fighting
 + Level 12.4 Maces & Flails
 + Level 10.0 Armour
 + Level 3.6 Dodging
 - Level 0.8 Stealth
 + Level 11.5 Shields
 * Level 0.7 Invocations
 * Level 4.4 Evocations


You had 10 spell levels left.
You didn't know any spells.
Your spell library contained the following spells:

 Spells                   Type           Power      Damage    Failure   Level
 Beastly Appendage        Tmut           0%         N/A       77%         1
 Blink                    Tloc           0%         N/A       88%         2
 Ensorcelled Hibernation  Hex/Ice        0%         N/A       88%         2
 Passwall                 Tmut/Erth      0%         N/A       88%         2
 Static Discharge         Conj/Air       0%         2-2/arc   88%         2
 Wereblood                Tmut           0%         N/A       88%         2
 Gell's Gravitas          Tloc           0%         N/A       98%         3
 Lesser Beckoning         Tloc           0%         N/A       98%         3
 Spider Form              Tmut/Pois      0%         N/A       98%         3
 Swiftness                Air            0%         N/A       98%         3
 Teleport Other           Tloc           0%         N/A       98%         3
 Vhi's Electric Charge    Tloc/Air       0%         N/A       98%         3
 Manifold Assault         Tloc           0%         N/A       100%        4
 Arcjolt                  Conj/Air       0%         1d10      100%        5
 Lightning Bolt           Conj/Air       0%         1d11      100%        5
 Orb of Destruction       Conj           0%         9d5       100%        7
 Storm Form               Tmut/Air       0%         N/A       100%        7
 Summon Guardian Golem    Hex/Summ       Unusable   N/A       N/A         3
 Spellforged Servitor     Conj/Summ      Unusable   N/A       N/A         7

Dungeon Overview and Level Annotations

Branches:
Dungeon (9/15)             Temple (1/1) D:4             Orc (2/2) D:9
  Sewer (visited)          Bailey (visited)
   Lair: D:8-11         Elf: Orc:2

Altars:
Ashenzari
Dithmenos
Elyvilon
Fedhas
Gozag
Kikubaaqudgha
Makhleb
Nemelex Xobeh
Okawaru
Qazlal
Ru
Sif Muna
Trog
Uskayaw
Vehumet
Wu Jian
Xom
Yredelemnul
Zin
Lugonu

Shops:
Orc:1 =

Annotations:
D:9 3 runed translucent doors, AigisTheKnight's ghost, novice DjFE; hgbash's ghost, novice MiBe; pigah's ghost, novice OpWn; sirJeffrey23's ghost, novice DrFE


Innate Abilities, Weirdness & Mutations

You have a pair of horns on your head.
You reflexively headbutt those who attack you in melee.


Message History

The orc high priest is moderately wounded.
You block the orc warlord's attack.
The orc high priest mumbles some strange prayers to Beogh against you.
Beogh smites you!
You bludgeon the orc high priest!!
Your headbutt misses the orc high priest.
The orc high priest is severely wounded.
You hammer the orc high priest like a gong!!!
You kill the orc high priest!
Okawaru is honoured by your kill.
The orc warlord hits you with a +1 long sword!
You hit the orc warlord. You headbutt the orc warlord!!
The orc warlord is heavily wounded.
You thump the orc warlord!
The orc warlord is heavily wounded.
You feel like a meek peon again.
The orc warlord hits you with a +1 long sword.
You sock the orc warlord!
The orc warlord is severely wounded.
You hit the orc warlord. You headbutt the orc warlord.
The orc warlord is severely wounded.
The orc warlord hits you with a +1 long sword!!
* * * LOW HITPOINT WARNING * * *
You barely miss the orc warlord.
The orc warlord is severely wounded.
You feel much better. You block the orc warlord's attack.
You sock the orc warlord!
The orc warlord is severely wounded.
The orc warlord hits you with a +1 long sword.
* * * LOW HITPOINT WARNING * * *
You barely miss the orc warlord.
The orc warlord is severely wounded.
You hit the orc warlord but do no damage.
The orc warlord is severely wounded.
The orc warlord hits you with a +1 long sword.
* * * LOW HITPOINT WARNING * * *
You closely miss the orc warlord.
The orc warlord is severely wounded.
The orc warlord hits you with a +1 long sword!!
You die...

...#...............
....#..............
...................
..................#
.......$...........
#..$.......$...$..#
...........<.......
......)[o..........
.......@[..........
.......)...........
...................
...#.#.#........##.
.....<............
#.................
...........###..
#.....#...## .
#.....o..##


You could see an orc warlord.

Vanquished Creatures
  2 vault guards (Bailey)
  An orc high priest (Orc:2)
  3 two-headed ogres
  2 orc knights
  An orc sorcerer (Orc:1)
  Maggie (D:7)
  Grinder (D:4)
  Prince Ribbit (Bailey)
  A wraith (D:9)
  A shadow (D:9)
  A wyvern (D:9)
  4 yaks (D:9)
  5 humans (Bailey)
  A steam dragon (D:8)
  3 water moccasins
  3 ice beasts (D:7)
  5 orc warriors
  2 ogres
  3 centaurs
  2 phantoms
  3 kobold brigands (D:8)
  13 bullfrogs
  A necrophage (D:4)
  2 scorpions
  4 wights (D:7)
  2 troll zombies (D:9)
  3 killer bees
  A howler monkey (D:6)
  A jelly (D:5)
  3 orc priests
  5 iguanas
  A merfolk avatar (Sewer)
  A merfolk siren (Sewer)
  10 orc wizards
  6 ogre zombies (D:9)
  Robin (D:2)
  5 gnolls
  2 river rats (Sewer)
  A shadow imp (D:6)
  10 adders
  5 ufetubi
  3 worms
  A dart slug (D:1)
  37 orcs
  9 ball pythons
  6 bats
  9 endoplasms
  5 giant cockroaches
  14 hobgoblins
  2 jackals (D:2)
  6 quokkas
  5 frilled lizards
  18 goblins
  4 goblin zombies (D:9)
  2 hobgoblin skeletons (D:9)
  4 hobgoblin zombies (D:9)
  18 kobolds
  3 orc skeletons (D:9)
  12 orc zombies (D:9)
  27 rats
308 creatures vanquished.

Vanquished Creatures (others)
  2 orcs
  5 fungi
  3 plants (D:6)
10 creatures vanquished.

Grand Total: 318 creatures vanquished

Notes
Turn   | Place    | Note
-------+----------+-------------------------------------------
     0 | D:1      | rocky1 the Minotaur Fighter began the quest for the Orb.
     0 | D:1      | Reached XP level 1. HP: 19/19 MP: 0/0
   117 | D:1      | Reached XP level 2. HP: 25/27 MP: 1/1
   685 | D:2      | Reached skill level 3 in Maces & Flails
   685 | D:2      | Reached XP level 3. HP: 20/33 MP: 2/2
   827 | D:2      | Found a faded altar of an unknown god.
   884 | D:2      | Found a basalt altar of Yredelemnul.
  1004 | D:2      | Reached XP level 4. HP: 29/41 MP: 3/3
  1162 | D:2      | Identified the +1 helmet of Resilience {Rampage rPois rF++
                  | Stlth-}
  1162 | D:2      | Noticed Robin
  1174 | D:2      | Killed Robin
  1575 | D:3      | Found a glowing drain.
  1589 | Sewer    | Entered a sewer
  1688 | Sewer    | Reached XP level 5. HP: 20/47 MP: 4/4
  1930 | Sewer    | Reached skill level 4 in Maces & Flails
  1941 | Sewer    | Reached skill level 5 in Fighting
  1941 | Sewer    | Reached skill level 5 in Armour
  1941 | Sewer    | Reached skill level 5 in Shields
  2314 | D:3      | Identified the +5 short sword "Othac" {flame, Dex+2}
  2318 | D:3      | Found a sparkling altar of Nemelex Xobeh.
  2836 | D:4      | Reached XP level 6. HP: 56/56 MP: 5/5
  3020 | D:4      | Found a staircase to the Ecumenical Temple.
  3037 | D:4      | Noticed Grinder
  3044 | D:4      | Paralysed by Grinder for 4 turns
  3049 | Temple   | Entered the Ecumenical Temple
  3064 | Temple   | Became a worshipper of Warmaster Okawaru
  3099 | D:4      | Killed Grinder
  3099 | D:4      | Reached * piety under Okawaru
  3100 | D:4      | Reached skill level 5 in Maces & Flails
  3100 | D:4      | Reached XP level 7. HP: 29/62 MP: 6/6
  3567 | D:5      | Entered Level 5 of the Dungeon
  3916 | D:5      | Reached skill level 6 in Maces & Flails
  3922 | D:5      | Reached XP level 8. HP: 59/71 MP: 7/7
  4010 | D:5      | Reached ** piety under Okawaru
  4969 | D:6      | Found a stormy altar of Qazlal.
  4971 | D:6      | Found a blossoming altar of Fedhas.
  4977 | D:6      | Reached skill level 1 in Dodging
  5057 | D:6      | Found a white marble altar of Elyvilon.
  5057 | D:6      | Found an opulent altar of Gozag.
  5650 | D:7      | Found a flagged portal.
  5665 | Bailey   | Entered a bailey
  5687 | Bailey   | Reached skill level 7 in Maces & Flails
  5704 | Bailey   | Reached XP level 9. HP: 34/79 MP: 8/8
  5713 | Bailey   | HP: 4/118 [gnoll/+0 hand axe (3)]
  5717 | Bailey   | Reached skill level 8 in Maces & Flails
  5904 | Bailey   | Reached *** piety under Okawaru
  6336 | Bailey   | Reached skill level 9 in Maces & Flails
  6372 | Bailey   | Noticed Prince Ribbit
  6390 | Bailey   | Killed Prince Ribbit
  6409 | Bailey   | Noticed a vault guard
  6426 | Bailey   | Killed a vault guard
  6426 | Bailey   | Reached **** piety under Okawaru
  6451 | Bailey   | Noticed a vault guard
  6467 | Bailey   | Killed a vault guard
  6467 | Bailey   | Reached ***** piety under Okawaru
  6468 | Bailey   | Reached skill level 10 in Maces & Flails
  6468 | Bailey   | Reached XP level 10. HP: 45/90 MP: 9/9
  6802 | D:7      | Noticed Maggie
  6836 | D:7      | Killed Maggie
  6836 | D:7      | Identified the +1 hat "Dalixag" {rC+ Int+4} (Okawaru gifted
                  | it to you on level 7 of the Dungeon)
  6836 | D:7      | Received a gift from Okawaru
  6837 | D:7      | Reached skill level 10 in Shields
  6952 | D:7      | Found a broken altar of Ashenzari.
  6990 | D:7      | Found a shadowy altar of Dithmenos.
  7082 | D:7      | Reached skill level 1 in Evocations
  7722 | D:8      | Noticed a two-headed ogre
  7732 | D:8      | Killed a two-headed ogre
  7733 | D:8      | Reached skill level 11 in Maces & Flails
  7934 | D:8      | Found a radiant altar of Vehumet.
  8021 | D:8      | Found a burning altar of Makhleb.
  8125 | D:8      | Found an ornate altar of the Wu Jian Council.
  8630 | D:9      | Noticed a two-headed ogre
  8642 | D:9      | Killed a two-headed ogre
  8896 | D:9      | Reached XP level 11. HP: 94/97 MP: 10/10
  8935 | D:9      | Found a staircase to the Orcish Mines.
  9210 | D:9      | Noticed a two-headed ogre
  9213 | D:9      | Identified the +2 ring mail of Impatience {Will++}
  9220 | D:9      | Killed a two-headed ogre
  9461 | D:9      | Found a bloodstained altar of Trog.
  9705 | D:9      | Found a runed translucent gate.
  9706 | D:9      | Found a runed translucent gate.
  9706 | D:9      | Found a runed translucent gate.
  9707 | D:9      | Noticed hgbash's ghost (novice MiBe)
  9707 | D:9      | Noticed sirJeffrey23's ghost (novice DrFE)
  9708 | D:9      | Noticed pigah's ghost (novice OpWn)
  9708 | D:9      | Noticed AigisTheKnight's ghost (novice DjFE)
 10016 | Orc:1    | Entered Level 1 of the Orcish Mines
 10019 | Orc:1    | Found Caho's Jewellery Emporium.
 10037 | Orc:1    | Reached skill level 12 in Maces & Flails
 10082 | Orc:2    | Entered Level 2 of the Orcish Mines
 10090 | Orc:1    | Noticed an orc knight
 10099 | Orc:2    | Received a gift from Okawaru
 10109 | Orc:2    | Killed an orc knight
 10112 | Orc:2    | Noticed an orc sorcerer
 10116 | Orc:2    | Noticed an orc warlord
 10116 | Orc:2    | Noticed an orc knight
 10212 | Orc:1    | Killed an orc sorcerer
 10213 | Orc:1    | Reached skill level 10 in Armour
 10228 | Orc:1    | Killed an orc knight
 10228 | Orc:1    | Received a gift from Okawaru
 10233 | Orc:2    | Noticed an orc high priest
 10237 | Orc:2    | Upgraded the game from 0.30-a0-394-g3e4acdb0ae to
                  | 0.30-a0-414-gcb316572d5
 10244 | Orc:2    | Killed an orc high priest
 10254 | Orc:2    | Slain by an orc warlord

Illustrated notes

Levels and vault maps discovered:
D:1:      amcnicky_arrival_wind_blow, layout_basic
D:2:      layout_basic, basic_altar, basic_ecumenical_altar, uniq_robin
D:3:      layout_basic, mainiacjoe_overflow_six_doors_small,
          cheibrodos_sewer_entry_bend
D:4:      layout_cave_pools, minmay_temple_entry_stoned_glass, uniq_grinder
D:5:      layout_basic
D:6:      layout_loops_ring, grunt_temple_overflow_forces_of_nature,
          jmf_multi_god_temple, minivault_5
D:7:      layout_loops_ring, evilmike_ruin_ashenzari,
          grunt_dithmenos_smoke_and_mirrors, enter_bailey_3,
          minmay_misc_feat_doors, uniq_maggie
D:8:      layout_loops_ring, vehumet_crystals,
          mainiacjoe_overflow_large_starburst
D:9:      layout_loops_ring, lightli_temple_of_fire, zombieorc2_lemuel,
          gammafunk_ghost_cemetery
Temple:   corrupted_temple
Orc:1:    layout_diamond_mine, serial_shops,
          nicolae_shop_competitors_out_of_business,
          nicolae_volcano_entry_hallway
Orc:2:    grunt_orc_gardens, layout_caves, grunt_orc_garden, grunt_orc_garden,
          grunt_orc_garden, grunt_orc_garden, basic_altar,
          nicolae_orc_pool_cavern

Skill      XL: |  1  2  3  4  5  6  7  8  9 10 11 |
---------------+----------------------------------+-----
Armour         | 4 5 6 7 8 9 10 | 10.0
Fighting       | 4 5 6 7 8 9 |  9.5
Shields        | 4 5 6 8 9 10 11 | 11.5
Maces & Flails | 3 4 5 6 7 10 11 12 | 12.4
Dodging        | 1 3 |  3.6
Evocations     | 3 4 |  4.4
Stealth        | |  0.8
Invocations    | |  0.7

Action                   |  1- 3 |  4- 6 |  7- 9 | 10-12 || total
-------------------------+-------+-------+-------+-------++-------
Melee: Flail             |    31 |       |       |   126 ||   157
       Headbutt          |    11 |    17 |    51 |    88 ||   167
       Mace              |    53 |   186 |   286 |   268 ||   793
Throw: Dart              |       |     4 |       |     1 ||     5
Invok: Heroism           |       |       |       |     2 ||     2
  Use: Scroll            |       |       |     7 |     5 ||    12
       Potion            |       |       |     2 |     5 ||     7
 Stab: Distracted        |       |       |       |     1 ||     1
Armor: Scale mail        |    35 |    74 |    59 |       ||   168
       Skin              |       |       |     2 |       ||     2
       Plate armour      |       |       |       |    47 ||    47
       Chain mail        |       |       |       |    36 ||    36
       Ring mail         |       |       |       |     9 ||     9
Dodge: Dodged            |    42 |   122 |   123 |   124 ||   411
Block: Buckler           |    19 |    76 |   141 |   138 ||   374
       Reflection        |       |       |     1 |     3 ||     4
       Kite shield       |       |       |       |    57 ||    57

Table legend: (Time is in decaauts)
 A = Elapsed time spent in this place.
 B = Non-inter-level travel time spent in this place.
 C = Inter-level travel time spent in this place.
 D = Time resting spent in this place.
 E = Time spent auto-exploring this place.
 F = Levels seen in this place.
 G = Mean time per level.
                   A        B        C        D        E       F      G
               +--------+--------+--------+--------+--------+-----+--------+
         Total |  10358 |  10082 |    276 |   2244 |   5443 |  14 |  739.9 |
       Dungeon |   8464 |   8188 |    276 |   1334 |   5338 |   9 |  940.4 |
        Temple |     30 |     30 |      0 |      0 |      2 |   1 |   30.0 |
  Orcish Mines |    225 |    225 |      0 |     46 |      1 |   2 |  112.5 |
         Sewer |    536 |    536 |      0 |    126 |    101 |   1 |  536.0 |
        Bailey |   1102 |   1102 |      0 |    738 |      0 |   1 | 1102.0 |
               +--------+--------+--------+--------+--------+-----+--------+

Top non-repeatable levels by time:
     D:6: 1327 daAuts
     D:8: 1190 daAuts
     D:9: 1178 daAuts
  Bailey: 1102 daAuts
     D:3: 954 daAuts
     D:7: 876 daAuts
     D:2: 833 daAuts
     D:5: 762 daAuts
     D:4: 732 daAuts
     D:1: 608 daAuts
   Sewer: 536 daAuts
   Orc:1: 174 daAuts
   Orc:2: 51 daAuts
  Temple: 30 daAuts
